 Dungeon Crawl Stone Soup version 0.31.0-11-ge490571c62 (webtiles) character file.

Game seed: 7061416779576126016

1420 tilp the Cleaver (level 8, -2/71 HPs)
             Began as a Minotaur Berserker on Feb 2, 2024.
             Was an Elder of Trog.
             Slain by a water moccasin (5 damage)
             ... on level 6 of the Dungeon.
             The game lasted 00:06:36 (4277 turns).

tilp the Cleaver (Minotaur Berserker)               Turns: 4277, Time: 00:06:37

Health: -2/71      AC: 15    Str: 24    XL:     8   Next: 43%
Magic:  7/7        EV:  8    Int:  4    God:    Trog [****..]
Gold:   118        SH:  0    Dex: 10    Spells: 7/7 levels left

rFire   . . .        a - +0 war axe
rCold   + . .        (no shield)
rNeg    . . .        u - +0 plate armour
rPois   .            (helmet restricted)
rElec   .            p - +0 cloak
rCorr   .            n - +1 pair of gloves
SInv    .            (no boots)
Will    ++...        (no amulet) Stlth
                     l - ring of protection from cold
HPRegen 1.31/turn    (no ring)
MPRegen 0.10/turn

%: no passive effects
@: lethally poisoned (-2 -> -4), strong-willed, regenerating, hasted, very quick
A: horns 2, retaliatory headbutt
a: Renounce Religion, Berserk, Trog's Hand, Brothers in Arms


You were on level 6 of the Dungeon.
You worshipped Trog.
Trog was greatly pleased with you.
You visited 1 branch of the dungeon, and saw 6 of its levels.

You collected 274 gold pieces.
You spent 156 gold pieces at shops.

Inventory:

Hand Weapons
 a - a +0 war axe (weapon)
 b - a +0 hand axe
Missiles
 g - 8 boomerangs (quivered)
 m - 3 silver javelins {!f}
Armour
 n - a +1 pair of gloves (worn)
 p - a +0 cloak (worn)
 t - an orb of mayhem
 u - a +0 plate armour (worn)
Jewellery
 l - a ring of protection from cold (left hand)
Wands
 r - a wand of charming (2)
Scrolls
 e - 4 scrolls of revelation
 h - 5 scrolls of identify
 o - 2 scrolls of fear
Potions
 f - 2 potions of might
 i - 2 potions of enlightenment
 k - a potion of berserk rage


   Skills:
 + Level 6.4 Fighting
 * Level 8.3 Axes
 + Level 3.8 Throwing
 - Level 4.0 Armour
 + Level 5.2 Dodging
 - Level 2.0 Stealth
 + Level 0.4 Evocations


You had 7 spell levels left.
You didn't know any spells.
Your spell library was empty.

Dungeon Overview and Level Annotations

Branches:
Dungeon (6/15)             Temple (0/1) D:5

Altars:
Gozag
Kikubaaqudgha
Makhleb
Sif Muna
Uskayaw
Vehumet
The Shining One

Shops:
D:2 :   D:4 *


Innate Abilities, Weirdness & Mutations

You have a pair of horns on your head.
You reflexively headbutt those who attack you in melee.


Message History

The water moccasin poisons you!
Unknown command.
You miss the water moccasin. You hit the gnoll. You slash the hound!
You kill the hound!
Trog accepts your kill.
Your hearing returns.
You feel very sick. The water moccasin barely misses you.
Unknown command.
You feel yourself speed up.
You feel very sick.
The water moccasin bites you but does no damage.
A gnoll comes into view.
It is wielding a +0 flail of protection.
The gnoll bouda barks out a call to the hunt!
The gnolls pick up the pace!
The gnoll hits you but does no damage. The orc barely misses you.
You furiously retaliate!
You headbutt the orc. The gnoll hits you but does no damage.
A gnoll comes into view. It is wielding a +0 club.
You feel very sick. The gnoll hits you but does no damage.
The gnoll attacks as it pursues you! The gnoll hits you with a +0 flail!
* * * LOW HITPOINT WARNING * * *
The water moccasin bites you but does no damage.
* * * LOW HITPOINT WARNING * * *
You feel sick.
* * * LOW HITPOINT WARNING * * *
You feel sick.
Unknown command.
Your skin crawls.
You feel strong-willed.
You feel sick.
The gnoll bouda calls upon its god to heal the gnoll.
The gnoll's wounds heal themselves!
The gnoll hits you with a +0 flail.
* * * LOW HITPOINT WARNING * * *
Unknown command.
You feel sick.
The water moccasin attacks as it pursues you!
The water moccasin bites you.
You die...

.............
...... ..g.
#...# .g#
##...##).###
#..........#
#.....o)...#
+..........#
#..Sggg....#
#.@........#
##...###..##
#...# #+#
+....>......
#.>.........
#...........
#...........
#...........
############


You could see a water moccasin, a gnoll bouda, 4 gnolls and an orc.

Vanquished Creatures
  Grinder (D:3)
  An ice beast (D:5)
  2 black bears (D:5)
  3 ogres
  A phantom (D:4)
  A bullfrog (D:5)
  A gnoll sergeant (D:6)
  A howler monkey (D:4)
  A bombardier beetle (D:4)
  3 hounds
  A jelly (D:4)
  Crazy Yiuf (D:3)
  An orc wizard (D:5)
  An iguana (D:4)
  6 gnolls
  5 adders
  2 ufetubi (D:5)
  5 ribbon worms
  5 dart slugs
  12 orcs
  9 bats
  6 endoplasms
  4 giant cockroaches
  6 goblins
  8 hobgoblins
  6 jackals
  8 quokkas
  10 ball pythons
  4 frilled lizards
  8 kobolds
  6 rats
129 creatures vanquished.

Notes
Turn   | Place    | Note
-------+----------+-------------------------------------------
     0 | D:1      | tilp the Minotaur Berserker began the quest for the Orb.
     0 | D:1      | Reached XP level 1. HP: 19/19 MP: 0/0
    77 | D:1      | Reached XP level 2. HP: 27/27 MP: 1/1
   142 | D:1      | Reached skill level 4 in Axes
   299 | D:1      | Reached XP level 3. HP: 23/33 MP: 2/2
   412 | D:1      | Reached ** piety under Trog
   768 | D:2      | Reached skill level 1 in Stealth
  1106 | D:2      | Found Goockam's Book Shoppe.
  1243 | D:3      | Noticed Grinder
  1252 | D:3      | Reached XP level 4. HP: 37/40 MP: 3/3
  1260 | D:3      | Reached *** piety under Trog
  1335 | D:3      | Paralysed by Grinder for 4 turns
  1343 | D:3      | Killed Grinder
  1344 | D:3      | Reached skill level 5 in Axes
  1344 | D:3      | Reached skill level 1 in Throwing
  1344 | D:3      | Reached XP level 5. HP: 47/47 MP: 4/4
  1407 | D:3      | Reached XP level 6. HP: 48/53 MP: 5/5
  1618 | D:3      | Found a runed translucent door.
  1619 | D:3      | Noticed Crazy Yiuf
  2001 | D:3      | Found a burning altar of Makhleb.
  2001 | D:3      | Noticed an Executioner
  2133 | D:3      | Killed Crazy Yiuf
  2397 | D:4      | Reached skill level 5 in Fighting
  2404 | D:4      | Reached skill level 6 in Axes
  2482 | D:4      | Found a shimmering blue altar of Sif Muna.
  2557 | D:4      | Reached XP level 7. HP: 37/61 MP: 6/6
  2818 | D:4      | Reached **** piety under Trog
  2924 | D:4      | Found Goothiri's General Store.
  2929 | D:4      | Bought a potion of might for 48 gold pieces
  2929 | D:4      | Bought a scroll of identify for 24 gold pieces
  2929 | D:4      | Bought a scroll of identify for 24 gold pieces
  2929 | D:4      | Bought a potion of berserk rage for 60 gold pieces
  3121 | D:4      | Reached skill level 7 in Axes
  3217 | D:5      | Entered Level 5 of the Dungeon
  3228 | D:5      | Found a staircase to the Ecumenical Temple.
  3336 | D:5      | Found a radiant altar of Vehumet.
  3336 | D:5      | Found an ancient bone altar of Kikubaaqudgha.
  3337 | D:5      | Found a hide-covered altar of Uskayaw.
  3338 | D:5      | Found an opulent altar of Gozag.
  3338 | D:5      | Found a glowing golden altar of the Shining One.
  3575 | D:5      | Reached XP level 8. HP: 67/70 MP: 7/7
  3782 | D:5      | Reached skill level 5 in Dodging
  3850 | D:5      | Reached skill level 8 in Axes
  4276 | D:6      | HP: 3/71 [gnoll/+0 flail[a gnoll sergeant] (5)]
  4277 | D:6      | Slain by a water moccasin

Illustrated notes

Levels and vault maps discovered:
D:1:      zelgadis_glass_arrival_small, layout_rooms, minivault_11,
          minmay_cupped
D:2:      layout_basic, serial_shops, nicolae_book_shop_shelving
D:3:      layout_loops_ring, makhleb_altar_promises_db, uniq_crazy_yiuf_cottage,
          uniq_grinder
D:4:      layout_loops_cross, hellmonk_sif_muna_bookshelves, serial_shops, shop
D:5:      layout_loops_corners, grunt_temple_overflow_open,
          minmay_temple_entry_purple_smoke
D:6:      layout_gridville, nicolae_qazlal_style_of_elements

Skill      XL: |  1  2  3  4  5  6  7  8 |
---------------+-------------------------+-----
Axes           | 4 5 6 7 8 |  8.3
Fighting       | 4 5 6 |  6.4
Stealth        | 1 2 |  2.0
Armour         | 3 4 |  4.0
Throwing       | 1 2 3 |  3.8
Dodging        | 3 4 5 |  5.2
Evocations     | |  0.4

Action                     |  1- 3 |  4- 6 |  7- 9 || total
---------------------------+-------+-------+-------++-------
  Melee: Hand axe          |   114 |   104 |    66 ||   284
         Headbutt          |     9 |    17 |    20 ||    46
         Punch             |     1 |       |     4 ||     5
         War axe           |       |       |    32 ||    32
 Invoke: Berserk           |       |     2 |     1 ||     3
         Trog's Hand       |       |       |     1 ||     1
    Use: Scroll            |     5 |     4 |     3 ||    12
         Potion            |       |       |     1 ||     1
   Stab: Sleeping          |     1 |       |       ||     1
 Armour: Animal skin       |     5 |       |       ||     5
         Leather armour    |    55 |       |       ||    55
         Ring mail         |    10 |    55 |    52 ||   117
         Plate armour      |       |       |    37 ||    37
  Dodge: Dodged            |    78 |    46 |    76 ||   200
